 Dungeon Crawl Stone Soup version 0.19-a0-27-g415f530 (webtiles) character file.

4 M4edhros the Grave Robber (level 1, 0/11 HPs)
             Began as an Octopode Necromancer on May 1, 2016.
             Slain by a worm (3 damage)
             ... on level 2 of the Dungeon.
             The game lasted 00:00:45 (193 turns).

M4edhros the Grave Robber (Octopode Necromancer)     Turns: 193, Time: 00:00:46

Health: 0/11       AC:  1    Str:  5    XL:     1   Next: 70%
Magic:  2/3        EV: 12    Int: 17    God:
Gold:   35         SH:  0    Dex: 12    Spells: 1 memorised, 3 levels left

rFire  . . .     SeeInvis .       - Unarmed
rCold  . . .     Gourm    .     (no shield)
rNeg   . . .     Faith    .     (helmet restricted)
rPois  .         Spirit   .     (no amulet)
rElec  .         Dismiss  .     g - -2 ring of strength (curse)
rCorr  .         Reflect  .     (no ring)
SustAt .         Harm     .     (no ring)
MR     .....                    (no ring)
Stlth  +++.......               (no ring)
                                (no ring)
                                (no ring)
                                (no ring)

@: not resistant to hostile enchantments, fairly stealthy
A: almost no armour, amphibious, 8 rings, constrict 8, camouflage 1, gelatinous
body 1
a: no special abilities


You were on level 2 of the Dungeon.
You were not hungry.

You visited 1 branch of the dungeon, and saw 2 of its levels.

You collected 35 gold pieces.

Inventory:

Jewellery
 g - a cursed -2 ring of strength (left tentacle)
Scrolls
 c - a scroll of fog {unknown}
 d - a scroll of remove curse {unknown}
 e - a scroll of random uselessness {unknown}
 f - a scroll of identify {unknown}
Potions
 h - a potion of agility {unknown}
 i - a potion of curing {unknown}
Books
 a - a book of Necromancy

   Spells                             Type                      Level
   a - Pain                           Necromancy                   1
   b - Animate Skeleton               Necromancy                   1
   c - Vampiric Draining              Necromancy                   3
   d - Regeneration                   Charms/Necromancy            3
   e - Animate Dead                   Necromancy                   4
   f - Control Undead                 Necromancy                   4
Comestibles
 b - a bread ration
 j - a meat ration


   Skills:
 - Level 2.0 Dodging
 - Level 2.6 Stealth
 + Level 1.2 Unarmed Combat
 - Level 2.0 Spellcasting
 - Level 4.0 Necromancy


You had 3 spell levels left.
You knew the following spells:

 Your Spells              Type           Power        Failure   Level  Hunger
a - Pain                  Necr           ###.         3%          1    #......


Dungeon Overview and Level Annotations

Branches:
Dungeon (2/15)

Altars:


Innate Abilities, Weirdness & Mutations

You cannot wear most types of armour.
You are amphibious.
You can wear up to eight rings at the same time.
You can use your tentacles to constrict eight enemies at once.
Your skin changes colour to match your surroundings (Stealth).
Your rubbery body absorbs attacks (AC +1).


Message History

j - a meat ration
There are no items here.
A worm comes into view.
Found a scratched pearl ring.
Casting: Pain
Confirm with . or Enter, or press ? or * to list all spells.
Aiming: Pain
Press: ? - help, Shift-Dir - straight line, f - bat
Aim: a bat (resting, chance to defeat MR: 92%)
The bat convulses in agony!
You kill the bat!
Found 11 gold pieces.
Found a stone staircase leading up.
The helpless worm fails to defend itself.
You tentacle-slap the worm. Your grab misses the worm.
The worm is lightly wounded.
The worm bites you.
* * * LOW HITPOINT WARNING * * *
You barely miss the worm. You grab the worm. You constrict the worm.
The worm bites you.
You die...

##################
.................#####
.........))..........#
.....$.........<.....#
......w..............###
.......@................
.......)................
........................
.....................#..
##.....................#
#...................###
#..........###......#
#..........# #.#.####
#........†.. ..#..#


You could see a worm.

Vanquished Creatures
  2 giant cockroaches (D:1)
  A bat (D:2)
  2 rats (D:1)
5 creatures vanquished.

Notes
Turn   | Place    | Note
--------------------------------------------------------------
     0 | D:1      | M4edhros the Octopode Necromancer began the quest for the Orb.
     0 | D:1      | Reached XP level 1. HP: 11/11 MP: 3/3
   143 | D:1      | Reached skill level 1 in Unarmed Combat
   193 | D:2      | Slain by a worm

Vault maps used:
D:1:      ldierk_water_garden
D:2:      nicolae_overflow_crystal_walls, nicolae_qazlal_general_emergency,
          nicolae_gozag_cash_rules_everything_around_me,
          minmay_misc_feat_enclosed

Skill      XL: |  1 |
---------------+----+-----
Unarmed Combat | 1 |  1.2
Dodging        | |  2.0
Stealth        | |  2.6
Spellcasting   | |  2.0
Necromancy     | |  4.0

Action                   || total
-------------------------++-------
Melee: Unarmed           ||    14
       Constrict         ||     4
       Tentacles         ||     2
 Cast: Pain              ||     5
 Stab: Sleeping          ||     2
Armor: Skin              ||     2
Dodge: Dodged            ||     7
